 Dungeon Crawl Stone Soup version 0.16-a0-2072-gc0ac6de (webtiles) character file.

78873 RobertPalmer the Bewitcher (level 15, 0/111 (115) HPs)
             Began as a Vampire Gladiator on Nov 10, 2014.
             Was an Elder of Ashenzari.
             Slain by an octopode crusher (19 damage)
             ... on level 2 of the Shoals on Nov 12, 2014.
             The game lasted 01:46:42 (25576 turns).

RobertPalmer the Bewitcher (Vampire Gladiator)     Turns: 25576, Time: 01:46:44

HP:   0/111 (115)   AC: 15    Str: 14    XL:     15   Next: 19%
MP:   28/28         EV: 26    Int: 14    God:    Ashenzari [****..]
Gold: 1153          SH:  0    Dex: 18    Spells: 2 memorised, 5 levels left

rFire  + + .     SeeInvis +     a - +8 long sword of Instinct {elec, rElec}
rCold  . . .     Clarity  +     Z - +3 leather armour {rF+} (curse)
rNeg   + + .     SustAb   .     (no shield)
rPois  .         Gourm    .     o - +2 helmet (curse)
rElec  +         Spirit   .     f - +2 cloak (curse)
rCorr  .         Warding  .     w - +2 pair of gloves {Dex+3} (curse)
rMut   .         Stasis   .     (no boots)
MR     +....                    (no amulet)
Stlth  +++++++++.               r - ring of stealth (curse)
                                Y - ring "Ciatzut" {rF+ rN+ EV+4} (curse)

@: somewhat resistant to hostile enchantments, incredibly stealthy
A: bottle blood, fangs 3, see invisible, unbreathing
a: Bat Form, Bottle Blood, Scrying, Renounce Religion


You were on level 2 of the Shoals.
You worshipped Ashenzari.
Ashenzari was greatly pleased with you.
You were not thirsty.

You visited 4 branches of the dungeon, and saw 23 of its levels.
You also visited: Labyrinth, Ossuary and Volcano.

You collected 1587 gold pieces.
You spent 434 gold pieces at shops.


Innate Abilities, Weirdness & Mutations

You can bottle blood from corpses.
You have razor-sharp teeth.
You have supernaturally acute eyesight.
You can survive without breathing.


   Skills:
 - Level 9.8 Fighting
 - Level 13.3 Long Blades
   Level 4.0 Polearms
 - Level 1.5 Throwing
 - Level 11.1(13.2) Dodging
 - Level 14.8(16.7) Stealth
 - Level 15.6(17.5) Hexes
 + Level 3.4(5.4) Charms
 - Level 10.7(12.8) Evocations


You had 5 spell levels left.
You knew the following spells:

 Your Spells              Type           Power        Failure   Level  Hunger
a - Ozocubu's Armour      Chrm/Ice       #.......     30%         3    ####...
j - Invisibility          Hex            #####...     3%          6    #######

Inventory:

Hand weapons
 a - the +8 long sword of Instinct (weapon) {elec, rElec}
   (You took it off a hobgoblin on level 4 of the Dungeon)

   Occasionally, upon striking a foe, it will discharge some electrical energy
   and cause terrible harm.
   It insulates you from electricity.
 I - a +9 scimitar of flaming
Missiles
 S - 5 throwing nets (quivered)
Armour
 f - a cursed +2 cloak (worn)
 o - a cursed +2 helmet (worn)
 p - a +2 centaur barding of stealth
 w - a cursed +2 pair of gloves of dexterity (worn)
 Z - a cursed +3 leather armour of fire resistance (worn)
Magical staves
 d - an uncursed staff of death
Rods
 b - a +4 rod of shadows (1/15) {!a}
   (You took it off a minotaur in a labyrinth)
 i - a +3 rod of inaccuracy (17/17) {!a}
   (You found it in a labyrinth)
 s - a +3 rod of the swarm (9/9) {!a}
   (You found it in a labyrinth)
Jewellery
 e - an uncursed ring of poison resistance
 r - a cursed ring of stealth (right hand)
 C - an uncursed amulet of resist mutation
 D - a cursed ring of teleportation
 W - an uncursed ring of protection from cold
 Y - the cursed ring "Ciatzut" (left hand) {rF+ rN+ EV+4}
   (You found it on level 5 of the Lair of Beasts)

   [ring of evasion]

   It affects your evasion (+4).
   It protects you from fire.
   It protects you from negative energy.
   It has a curse placed upon it.
Magical devices
 J - a wand of hasting (2) {!d}
 M - a wand of digging (11)
 P - a wand of teleportation (3) {!d}
Scrolls
 k - 3 scrolls of summoning
 u - 6 scrolls of magic mapping
 x - 10 scrolls of remove curse
 G - a scroll of blinking
 H - 2 scrolls of fear
 N - 11 scrolls of teleportation
 O - a scroll of immolation {!r}
 T - 5 scrolls of curse armour
 V - a scroll of curse weapon
 X - a scroll of amnesia
Potions
 h - 24 potions of curing
 j - a potion of beneficial mutation {unknown}
 l - a potion of magic {unknown}
 m - 2 potions of restore abilities
 n - a potion of cancellation {unknown}
 q - 3 potions of cure mutation
 t - 5 potions of haste
 v - 3 potions of heal wounds
 z - 3 potions of might
 A - 3 potions of mutation {unknown}
 B - 2 potions of lignification {unknown}
 E - 4 potions of agility {unknown}
 F - 5 potions of brilliance
 K - 3 potions of invisibility {unknown}
 Q - 3 potions of poison {unknown}
 R - 4 potions of resistance
Books
 g - a book of Enchantments
 y - a Grand Grimoire {highlevel, unknown}
 L - a book of Wizardry
 U - the Almanac of Protection and Shape Shifting
   (You found it in a labyrinth)

   Spells                             Type                      Level
   Song of Slaying                    Charms                       2
   Sure Blade                         Hexes/Charms                 2
   *Ozocubu's Armour                  Charms/Ice                   3
   Blade Hands                        Transmutation                5
   Dragon Form                        Transmutation                7

Dungeon Overview and Level Annotations

Branches:
Dungeon (12/15)            Temple (1/1) D:4            Lair (8/8) D:8
 Shoals (2/5) Lair:3       Spider (0/5) Lair:3        Slime (0/6) Lair:6
    Orc (0/4) D:10

Altars:
Ashenzari
Cheibriados
Dithmenos
Elyvilon
Fedhas
Gozag
Kikubaaqudgha
Makhleb
Nemelex Xobeh
Okawaru
Qazlal
Ru
Sif Muna
Trog
Vehumet
Xom
Yredelemnul
Zin
The Shining One
Jiyva

Shops:
D:4 %   D:6 :   D:8 [   D:10 ([:%[   D:12 (   Shoals:1 = Shoals:2

( *≈ #≈≈.......≈≈≈≈≈≈≈≈≈≈
*≈ ≈#≈≈≈#.......≈≈≈≈≈≈≈≈≈≈
, * #≈#≈#≈.......≈≈≈≈≈≈≈.≈≈
≈ , ,
≈≈#≈≈≈#.......≈≈≈≈.....> ≈
≈ ,
≈≈*≈S≈#≈≈.......≈≈≈.......
,* ≈≈#≈≈≈#.......≈≈(.......
≈ ,
#≈#≈#G#.................#
≈,
,..........?..............#
≈ ,
*#.....C@.m....♣......... ≈
, ##...#$.x...♣.∩.♣.......
≈ ......m........♣.........
≈≈....##.H................
≈...* #.................. ≈
≈< ≈. *#..................P
, ≈ ≈ ...........≈.......≈≈
, ≈≈ ≈≈≈≈....=..≈≈≈P..≈≈≈P.
, ≈≈≈≈....≈≈≈≈≈..≈≈≈≈≈≈


You could see an octopode crusher, a sea snake (confused), 2 merfolk, a
hippogriff (fleeing), a friendly great orb of eyes and a friendly cyclops.


Message History

Your sheep is struck by the twisting air!
Your sheep dies!
Your cyclops throws a large rock.
The octopode crusher blocks the large rock.
The merfolk completely misses you.
The octopode crusher tentacle-slaps you.
* * * LOW HITPOINT WARNING * * *
x2 The octopode crusher constricts you!
Read which item? (? for menu, Esc to quit)
Blink to where?
Your attempt to break free from the octopode crusher fails, but you feel that another attempt might succeed.
The hippogriff bites you!
* * * LOW HITPOINT WARNING * * *
The hippogriff completely misses you. The hippogriff misses you.
The merfolk hits you from afar with a trident.
* * * LOW HITPOINT WARNING * * *
The octopode crusher throws you!
Your cyclops says, "It's nice to have friends."
Your cyclops throws a large rock.
The octopode crusher blocks the large rock.
Something bites your great orb of eyes.
Unknown command.
Read which item? (? for menu, Esc to quit)
As you read the scroll of fear, it crumbles to dust.
You assume a fearsome visage.
The octopode crusher resists with some effort.
The merfolk looks frightened! x2
The hippogriff looks frightened!
The octopode crusher tentacle-slaps you!!
You die...

Action                   |  1- 3 |  4- 6 |  7- 9 | 10-12 | 13-15 || total
-------------------------+-------+-------+-------+-------+-------++-------
Melee: Trident           |   154 |   261 |       |       |       ||   415
       Long sword        |       |       |   308 |   733 |   927 ||  1968
       Scimitar          |       |       |       |     3 |    37 ||    40
Throw: Throwing net      |       |       |       |     4 |       ||     4
 Cast: Invisibility      |       |       |       |       |    20 ||    20
Invok: Scrying           |       |       |       |       |     1 ||     1
       Transfer Knowledg |       |       |       |       |     1 ||     1
 Abil: Bottle Blood      |       |       |       |    20 |    12 ||    32
Evoke: Wand              |       |       |       |    14 |       ||    14
       Rod               |       |       |       |       |    36 ||    36
  Use: Scroll            |       |    13 |     4 |    22 |    21 ||    60
       Potion            |       |       |       |     9 |       ||     9
 Stab: Sleeping          |       |       |    14 |    70 |    70 ||   154
       Distracted        |       |       |     1 |     8 |     8 ||    17
       Invisible         |       |       |       |     5 |   101 ||   106
       Held in net/web   |       |       |       |     1 |       ||     1
  Eat: Corpse            |    17 |    15 |    17 |    35 |    47 ||   131

Vault maps used:
D:1:      dpeg_arrival_sounds_drone, kennysheep_crisscross,
          grunt_decor_mini_mirrors, eino_curves_02, minmay_strange_pillars,
          dk_noncrumbling_3
D:3:      st_stairs_3
D:4:      corexii_shantytown, lemuel_temple_firewalk_marked, serial_shops,
          nicolae_shop_stone, serial_park_tiny_1, uniq_edmund, uniq_eustachio,
          uniq_iyjb
D:5:      first_bread, enter_ossuary_1
D:6:      grunt_temple_overflow_diamond, serial_shops, shop, uniq_natasha
D:7:      gammafunk_temple_overflow_pools
D:8:      kennysheep_mini_moat, minmay_lair_entry_grove, basic_altar,
          serial_shops, nicolae_shop_waterfront
D:9:      kiku_gazebo_pond_becter, hangedman_tell_no_tales
D:10:     david_orc_1_choice, serial_shops, kennysheep_little_box,
          kennysheep_mini, nicolae_shop_crystal, nicolae_shop_crystal,
          nicolae_shop_behind_doors, disabler_island, uniq_psyche
D:11:     hangedman_misty_isle, uniq_erolcha, uniq_urug
D:12:     serial_shops, nicolae_shop_stone
Temple:   eino_temple_water_12
Lair:1:   uniq_erica
Lair:2:   mu_elephants_graveyard
Lair:3:   minmay_shoals_entry_beasts, spider_nest_entry_rubble,
          serial_bayou_shore_a, lemuel_fruit_tree
Lair:4:   beast_lair_carwin_large_2, minivault_27, wad_woods_antlair
Lair:5:   nicolae_volcano_entry_lava_flow, pf_torpor_hydra, uniq_harold
Lair:6:   slime_altar_1, bh_autumn_forest_stairs
Lair:7:   lab_entry_generic, beast_lair_carwin_2
Lair:8:   evilmike_catoblepas_cave, minivault_25, st_stairs_9, minivault_26,
          minivault_19
Shoals:1: serial_shops, shop, nicolae_shoals_arrival_archipelago, uniq_nessos
Shoals:2: serial_shops, nicolae_shop_trees, hangedman_shoal_octodias
Lab:      labyrinth_mini_lab, nicolae_lab_dead_end, nicolae_lab_swirl
Ossuary:  ossuary_minmay_scorpions
Volcano:  volcano_tomb

Notes
Turn   | Place    | Note
--------------------------------------------------------------
     0 | D:1      | RobertPalmer, the Vampire Gladiator, began the quest for the Orb.
     0 | D:1      | Reached XP level 1. HP: 16/16 MP: 1/1
   271 | D:1      | Reached skill level 3 in Polearms
   464 | D:1      | Reached XP level 2. HP: 22/22 MP: 2/2
   936 | D:1      | Reached XP level 3. HP: 27/27 MP: 3/3
  1165 | D:2      | Reached skill level 4 in Polearms
  1687 | D:2      | Reached XP level 4. HP: 28/33 MP: 4/4
  2106 | D:3      | Reached skill level 5 in Polearms
  2106 | D:3      | Reached XP level 5. HP: 25/38 MP: 5/5
  2452 | D:3      | Reached skill level 6 in Polearms
  2633 | D:4      | Got a crude long sword
  2636 | D:4      | Identified the cursed +0 long sword of the Lair of Beasts {slice, Str+2 Int+4 SInv} (You found it on level 4 of the Dungeon)
  2667 | D:4      | Noticed Ijyb
  2691 | D:4      | Killed Ijyb
  2707 | D:4      | Killed asdu's ghost
  2859 | D:4      | Reached XP level 6. HP: 44/44 MP: 6/6
  2883 | D:4      | Noticed Edmund
  2905 | D:4      | Killed Edmund
  2963 | D:4      | Got a faintly glowing long sword
  3143 | D:4      | Reached skill level 2 in Stealth
  3299 | D:4      | Reached skill level 4 in Stealth
  3299 | D:4      | Reached XP level 7. HP: 32/49 MP: 7/7
  3373 | D:4      | Found Sadoff's Food Emporium.
  3395 | D:4      | Noticed Eustachio
  3399 | D:4      | Identified the +8 long sword of Instinct {elec, rElec} (You took it off a hobgoblin on level 4 of the Dungeon)
  3411 | D:4      | Killed Eustachio
  3411 | D:4      | Reached skill level 2 in Long Blades
  3481 | D:4      | Noticed a phantom
  3499 | D:4      | Killed a phantom
  3499 | D:4      | Reached skill level 3 in Long Blades
  3800 | D:4      | Found a staircase to the Ecumenical Temple.
  3810 | Temple   | Entered the Ecumenical Temple
  3914 | Temple   | Became a worshipper of Ashenzari the Shackled
  3988 | D:5      | Entered Level 5 of the Dungeon
  3999 | D:5      | Reached skill level 4 in Long Blades
  4035 | D:5      | Found a sand-covered staircase.
  4045 | Ossuary  | Entered an ossuary
  4050 | Ossuary  | Noticed ldf's ghost (experienced TeCj)
  4062 | Ossuary  | Killed ldf's ghost
  4062 | Ossuary  | Reached skill level 6 in Long Blades
  4062 | Ossuary  | Reached XP level 8. HP: 50/55 MP: 8/8
  4229 | Ossuary  | Reached skill level 7 in Long Blades
  4546 | Ossuary  | Reached skill level 8 in Long Blades
  4873 | Ossuary  | Reached skill level 9 in Long Blades
  4873 | Ossuary  | Reached XP level 9. HP: 48/61 MP: 9/9
  5195 | D:5      | Identified a wand of hasting
  5480 | D:5      | Reached skill level 5 in Stealth
  5689 | D:6      | Found Atoziax's Book Shop.
  6103 | D:6      | Reached skill level 6 in Stealth
  6305 | D:6      | Reached skill level 7 in Stealth
  6372 | D:6      | Noticed Natasha
  6375 | D:6      | Killed Natasha
  6451 | D:6      | Found a deep blue altar of Sif Muna.
  6454 | D:6      | Found a basalt altar of Yredelemnul.
  6457 | D:6      | Found a burning altar of Makhleb.
  6511 | D:6      | Noticed Natasha
  6526 | D:6      | Reached skill level 8 in Stealth
  6534 | D:6      | Killed Natasha
  6554 | D:6      | Noticed Natasha
  6562 | D:6      | Killed Natasha
  6628 | D:6      | Reached skill level 9 in Stealth
  6750 | D:7      | Reached skill level 10 in Stealth
  6951 | D:7      | Found an iron altar of Okawaru.
  6952 | D:7      | Found an opulent altar of Gozag.
  7028 | D:7      | Reached skill level 11 in Stealth
  7143 | D:7      | Reached skill level 12 in Stealth
  8067 | D:7      | Reached XP level 10. HP: 63/63 MP: 10/10
  8243 | D:8      | Found a white marble altar of Elyvilon.
  8273 | D:8      | Found Jideifan's Antique Armour Shop.
  8293 | D:8      | Found a staircase to the Lair.
  8319 | D:8      | Reached skill level 13 in Stealth
  8748 | D:8      | Reached skill level 14 in Stealth
  9172 | D:8      | Reached skill level 4 in Dodging
  9240 | D:8      | Reached skill level 5 in Dodging
  9324 | D:8      | Reached skill level 6 in Dodging
  9657 | D:8      | Reached skill level 7 in Dodging
  9761 | D:8      | Found a sparkling altar of Nemelex Xobeh.
  9892 | D:9      | Found an ancient bone altar of Kikubaaqudgha.
 10003 | D:9      | Reached skill level 8 in Dodging
 10562 | D:9      | Reached skill level 9 in Dodging
 10627 | D:9      | Reached XP level 11. HP: 68/68 MP: 11/11
 10980 | D:10     | Entered Level 10 of the Dungeon
 10988 | D:10     | Learned a level 6 spell: Invisibility
 11030 | D:10     | Found Vostroqosu's Antique Armour Shoppe.
 11076 | D:10     | Bought a dyed leather armour for 58 gold pieces
 11076 | D:10     | Bought a pair of glowing gloves for 130 gold pieces
 11076 | D:10     | Bought a shiny ring mail for 116 gold pieces
 11150 | D:10     | Found a staircase to the Orcish Mines.
 11236 | D:10     | Reached skill level 10 in Dodging
 11277 | D:10     | Acquired Ashenzari's first power
 11386 | D:10     | Bought a runed helmet for 130 gold pieces
 11392 | D:10     | Found Athoacw's Food Shoppe.
 11415 | D:10     | Noticed an unseen horror
 11418 | D:10     | Killed an unseen horror
 11426 | D:10     | Reached skill level 2 in Fighting
 11442 | D:10     | Noticed Psyche
 11443 | D:10     | Noticed a hill giant
 11451 | D:10     | Killed a hill giant
 11451 | D:10     | Reached skill level 3 in Fighting
 11457 | D:10     | Killed Psyche
 11505 | D:10     | Noticed a hill giant
 11516 | D:10     | Killed a hill giant
 11516 | D:10     | Reached skill level 4 in Fighting
 11735 | D:10     | Found Pnextu's Antique Armour Shop.
 11791 | D:10     | Found Schayt's Book Boutique.
 11811 | D:10     | Reached skill level 5 in Fighting
 11892 | D:10     | Found Garud's Antique Weapon Boutique.
 12225 | D:11     | Noticed Urug
 12235 | D:11     | Killed Urug
 12235 | D:11     | Reached skill level 6 in Fighting
 12643 | D:11     | Noticed a seven-headed hydra
 12953 | D:11     | Reached skill level 7 in Fighting
 13148 | D:12     | Noticed a four-headed hydra
 13274 | D:12     | Found Stum's Antique Weapon Boutique.
 13327 | D:12     | Reached skill level 8 in Fighting
 13751 | D:12     | Reached XP level 12. HP: 89/89 MP: 12/12
 13934 | Lair:1   | Entered Level 1 of the Lair of Beasts
 13946 | Lair:1   | Noticed an eight-headed hydra
 13978 | Lair:1   | Noticed Erica
 13993 | Lair:1   | Killed Erica
 13993 | Lair:1   | Reached skill level 9 in Fighting
 14027 | Lair:1   | Acquired Ashenzari's second power
 14030 | Lair:1   | Identified the +11 hunting sling "Poffan" {freeze, Dex+2}
 14181 | Lair:1   | Identified the +4 robe of Casun {rC+ Int-2}
 14268 | Lair:1   | Killed a five-headed hydra
 14397 | Lair:2   | Reached skill level 1 in Hexes
 14505 | Lair:2   | Reached skill level 2 in Hexes
 14533 | Lair:2   | Reached skill level 3 in Hexes
 14555 | Lair:2   | Reached skill level 4 in Hexes
 14763 | Lair:2   | Reached skill level 5 in Hexes
 14821 | Lair:2   | Reached skill level 6 in Hexes
 14897 | Lair:2   | Reached skill level 7 in Hexes
 15161 | Lair:2   | Reached skill level 8 in Hexes
 15194 | Lair:2   | Reached skill level 9 in Hexes
 15302 | Lair:2   | Reached skill level 10 in Hexes
 15596 | Lair:2   | Upgraded the game from 0.16-a0-2038-g968ce0a to 0.16-a0-2059-gf848859
 15627 | Lair:2   | Reached skill level 11 in Hexes
 16103 | Lair:2   | Reached skill level 12 in Hexes
 16189 | Lair:3   | Acquired Ashenzari's third power
 16317 | Lair:3   | Reached XP level 13. HP: 90/99 MP: 13/13
 16417 | Lair:3   | Found a hole to the Spider Nest.
 16533 | Lair:3   | Reached skill level 13 in Hexes
 16694 | Lair:3   | Found a staircase to the Shoals.
 17474 | Lair:4   | Reached skill level 10 in Long Blades
 18169 | Lair:4   | Reached skill level 11 in Long Blades
 18292 | Lair:4   | Noticed a dire elephant
 18519 | Lair:4   | Killed a dire elephant
 18872 | Lair:5   | Reached skill level 12 in Long Blades
 18891 | Lair:5   | Identified the ring "Ciatzut" {rF+ rN+ EV+4}
 18910 | Lair:5   | Noticed Harold
 18928 | Lair:5   | Killed Harold
 18950 | Lair:5   | Found a dark tunnel.
 18986 | Volcano  | Entered a volcano
 19217 | Volcano  | Reached skill level 14 in Hexes
 19752 | Lair:6   | Acquired Ashenzari's fourth power
 19756 | Lair:6   | Found a staircase to the Slime Pits.
 19757 | Lair:6   | Found a viscous altar of Jiyva.
 19916 | Lair:6   | Reached skill level 15 in Hexes
 20079 | Lair:6   | Reached XP level 14. HP: 105/105 MP: 9/14
 20421 | Lair:7   | Found a labyrinth entrance.
 20436 | Lab      | Entered a labyrinth
 20646 | Lab      | Identified the Almanac of Protection and Shape Shifting (You found it in a labyrinth)
 20653 | Lab      | Learned a level 3 spell: Ozocubu's Armour
 20916 | Lair:7   | Reached skill level 1 in Evocations
 20942 | Lair:7   | Reached skill level 2 in Evocations
 21143 | Lair:7   | Reached skill level 3 in Evocations
 21256 | Lair:8   | Entered Level 8 of the Lair of Beasts
 21265 | Lair:8   | Reached skill level 4 in Evocations
 21365 | Lair:8   | Reached skill level 5 in Evocations
 21399 | Lair:8   | Identified 4 potions of resistance
 21688 | Lair:8   | Reduced skill Polearms to level 5
 21688 | Lair:8   | Reached skill level 6 in Evocations
 21741 | Lair:8   | Reached skill level 13 in Long Blades
 21915 | Lair:8   | Reached skill level 7 in Evocations
 21922 | Lair:8   | Reduced skill Polearms to level 4
 22185 | Lair:8   | Reached skill level 8 in Evocations
 22591 | Lair:8   | Reached skill level 9 in Evocations
 22803 | Lair:8   | Identified a +3 rod of the swarm (9/9) {!a} (You found it in a labyrinth)
 23051 | Lair:7   | Upgraded the game from 0.16-a0-2059-gf848859 to 0.16-a0-2072-gc0ac6de
 23151 | Lair:8   | Reached skill level 10 in Evocations
 24043 | Shoals:1 | Entered Level 1 of the Shoals
 24084 | Shoals:1 | Found Baoqiol's Jewellery Emporium.
 24103 | Shoals:1 | Noticed Nessos
 24114 | Shoals:1 | Identified a +2 rod of shadows (14/14) {!a} (You took it off a minotaur in a labyrinth)
 24123 | Shoals:1 | Identified a -2 rod of inaccuracy (14/14) {!a} (You found it in a labyrinth)
 24127 | Shoals:1 | Killed Nessos
 24127 | Shoals:1 | Reached XP level 15. HP: 111/111 MP: 22/28
 24774 | Shoals:1 | Reached skill level 11 in Dodging
 25043 | Shoals:1 | Reached skill level 1 in Charms
 25260 | Shoals:1 | Reached skill level 2 in Charms
 25421 | Shoals:2 | Found Haffyth's Antique Weapon Boutique.
 25459 | Shoals:2 | Reached skill level 3 in Charms
 25561 | Shoals:2 | Noticed an octopode crusher
 25576 | Shoals:2 | Slain by an octopode crusher

Vanquished Creatures
  A dire elephant (Lair:4)
  A merfolk impaler (Shoals:1)
  A minotaur (Lab)
  Harold (Lair:5)
  7 hydras
  Nessos (Shoals:1)
  Erica (Lair:1)
  9 death yaks (Lair:8)
  Urug (D:11)
  3 catoblepae (Lair:8)
  An unseen horror (D:10)
  2 hill giants (D:10)
  2 sea snakes
  An ugly thing (D:12)
  A cyclops (D:11)
  A griffon (Lair:3)
  A siren (Shoals:1)
  5 manticores
  40 elephants
  A water nymph (Shoals:1)
  A torpor snail (Lair:5)
  4 black mambas
  11 spiny frogs
  Psyche (D:10)
  A queen ant (Lair:4)
  8 komodo dragons
  A troll (D:10)
  2 fire drakes
  The ghost of ldf the Destroyer, an experienced TeCj of Vehumet (Ossuary)
  A polar bear (Lair:7)
  A jumping spider (Lair:3)
  A wind drake (Shoals:1)
  5 merfolk
  2 boulder beetles
  3 slime creatures (D:12)
  12 blink frogs
  4 vampires (Volcano)
  A snapping turtle (Shoals:1)
  3 two-headed ogres
  3 basilisks
  A flying skull (Volcano)
  2 water elementals (Shoals:2)
  Eustachio (D:4)
  3 wyverns
  66 yaks
  11 hippogriffs
  2 wargs (D:10)
  Edmund (D:4)
  A hungry ghost (D:9)
  5 soldier ants (Lair:4)
  5 wolves
  12 water moccasins
  A mottled dragon (D:12)
  12 porcupines
  2 ice beasts
  5 sky beasts
  3 yellow wasps
  5 orc warriors
  2 black bears
  4 necrophages
  8 crocodiles
  4 ogres
  2 boring beetles
  2 phantoms
  6 centaurs
  A big kobold (D:11)
  20 giant frogs
  A water moccasin zombie (D:7)
  A brain worm (D:11)
  13 scorpions
  5 killer bees (D:7)
  A yak skeleton (D:11)
  A spriggan skeleton (D:9)
  A troll skeleton (D:9)
  8 wights
  3 centaur zombies
  3 lava snakes (D:10)
  2 goliath beetles (D:6)
  A quasit (D:11)
  6 human zombies (Ossuary)
  8 jellies
  13 orc priests
  4 crimson imps
  A giant frog skeleton (D:7)
  2 centaur skeletons
  9 orc wizards
  12 hounds
  8 iguanas
  20 worker ants
  7 orange rats (Lair:4)
  Natasha (thrice) (D:6)
  5 big kobold zombies
  3 sheep (Lair:8)
  A sky beast zombie (D:8)
  Ijyb (D:4)
  3 mummies (Ossuary)
  2 worker ant zombies
  5 gnolls
  5 scorpion zombies (Ossuary)
  20 adders
  54 green rats
  6 shadow imps
  4 giant mites
  3 worms
  5 giant geckos
  38 orcs
  2 giant cockroaches
  A gnoll zombie (Ossuary)
  31 hobgoblins
  12 quokkas
  14 bats
  3 giant newts
  11 goblins
  2 goblin zombies (Ossuary)
  A hobgoblin skeleton (D:6)
  12 jackals
  27 kobolds
  A kobold skeleton (D:7)
  A kobold zombie (Ossuary)
  An orc zombie (Ossuary)
  21 rats
762 creatures vanquished.

Vanquished Creatures (collateral kills)
  A merfolk avatar (Shoals:1)
  A sea snake (Shoals:1)
  A griffon (Shoals:2)
  A snapping turtle (Shoals:1)
4 creatures vanquished.

Vanquished Creatures (others)
  A drowned soul (Shoals:1)
  A vampire mosquito (Lair:8)
  The ghost of asdu the Slasher, an average HESk (D:4)
  An iguana (Lair:2)
  A worker ant (Lair:8)
  2 sheep (Shoals:2)
  A quokka (Lair:2)
  A bush (D:8)
  25 fungi
  8 plants
42 creatures vanquished.

Grand Total: 808 creatures vanquished
